 Dungeon Crawl Stone Soup version 0.29-a0-11-ga75d3d97ab (webtiles) character file.

Game seed: 6853376655057008483

102 robertstho the Digger (level 4, 0/24 HPs)
             Began as a Deep Elf Earth Elementalist on Jan 28, 2022.
             Succumbed to an adder's poison
             ... on level 2 of the Dungeon.
             The game lasted 00:02:52 (2916 turns).

robertstho the Digger (Deep Elf Earth Elementalist) Turns: 2916, Time: 00:02:53

Health: 0/24       AC:  2    Str: 11    XL:     4   Next: 49%
Magic:  10/12      EV: 12    Int: 22    God:
Gold:   70         SH:  0    Dex: 15    Spells: 1/11 levels left

rFire   + . .      SeeInvis .   e - +0 dagger
rCold   + . .      Faith    .   (no shield)
rNeg    . . .      Spirit   .   b - +0 robe
rPois   +          Reflect  .   (no helmet)
rElec   +          Harm     .   (no cloak)
rCorr   +          Rampage  .   (no gloves)
Will    .....                   (no boots)
Stlth   ++........              (no amulet)
HPRegen 0.08/turn               d - +6 ring of strength
MPRegen 0.13/turn               (no ring)

@: mighty, lethally poisoned (0 -> -6), resistant
A: no striking features
a: no special abilities


You were on level 2 of the Dungeon.
You visited 1 branch of the dungeon, and saw 2 of its levels.

You collected 70 gold pieces.

Inventory:

Hand Weapons
 e - a +0 dagger (weapon)
Missiles
 c - 11 stones
Armour
 b - a +0 robe (worn)
Jewellery
 d - a +6 ring of strength (left hand)
Wands
 f - a wand of polymorph (11)
Scrolls
 g - a scroll of holy word
 i - a scroll of teleportation {unknown}
Potions
 h - a potion of might


   Skills:
 * Level 0.6 Fighting
 + Level 0.7 Short Blades
 + Level 2.6 Dodging
 + Level 2.9 Stealth
 * Level 4.3 Spellcasting
 + Level 1.1 Transmutations
 * Level 4.5 Earth Magic


You had one spell level left.
You knew the following spells:

 Your Spells              Type           Power      Damage    Failure   Level
a - Sandblast             Erth           48%        2d12      1%          1
b - Passwall              Tmut/Erth      14%        N/A       4%          2
c - Stone Arrow           Conj/Erth      28%        3d8       13%         3
d - Petrify               Tmut/Erth      17%        N/A       32%         4

Your spell library contained the following spells:

 Spells                   Type           Power      Damage    Failure   Level


Dungeon Overview and Level Annotations

Branches:
Dungeon (2/15)

Altars:


Message History

The rat bites you but does no damage.
You barely miss the rat.
The rat is severely wounded.
The adder bites you.
You are poisoned.
The adder poisons you! The rat closely misses you.
You barely miss the rat.
The rat is severely wounded.
You feel sick. The adder bites you.
You are more poisoned.
The adder poisons you! The rat closely misses you.
You closely miss the rat.
The rat is severely wounded.
You feel very sick. The adder bites you.
You are lethally poisoned!
The adder poisons you! The adder barely misses you. The rat closely misses you.
Aiming: Sandblast (safe; 1% risk of failure)
Press: ? - help, Q - select action, (/) - cycle Shift-Dir - straight line, f - adder
Aim: an adder (68% to hit)
The blast of sand hits the adder!
The adder is almost dead.
You feel very sick. The adder barely misses you. The rat bites you.
* * * LOW HITPOINT WARNING * * *
You feel very sick.
Aiming: Sandblast (safe; 1% risk of failure)
Press: ? - help, Q - select action, (/) - cycle Shift-Dir - straight line, f/p - adder
Aim: an adder (almost dead, 68% to hit)
The blast of sand hits the adder!
You kill the adder!
* * * LOW HITPOINT WARNING * * *
You feel sick.
It was a potion of might.
You feel very mighty all of a sudden.
* * * LOW HITPOINT WARNING * * *
You feel sick.
It was a potion of resistance.
You feel protected.
You die...

###...#########.
#.........
................
+.........
###.....#######.
#......... #.....#
.. ##.......#
#(....# #.
##.....## #.....#
# #.## ##...##
#.....# #. #..# #
##+## ###.### #..
#r# .# #.# #.#
#..##@##.#
######.# #####.#
#........#
#......####
......# ##.......#
#.#........
####### ####.####
#........#. #.#
##......#..
#.######......##.#
#...........####..
##########.## ###
###


You could see a rat.

Vanquished Creatures
  Terence (D:2)
  3 adders (D:2)
  A worm (D:2)
  2 dart slugs
  An orc (D:2)
  3 bats
  5 endoplasms
  5 hobgoblins
  3 quokkas (D:1)
  4 ball pythons
  3 frilled lizards (D:1)
  6 goblins
  4 kobolds
  4 rats
45 creatures vanquished.

Notes
Turn   | Place    | Note
-------+----------+-------------------------------------------
     0 | D:1      | robertstho the Deep Elf Earth Elementalist began the quest
                  | for the Orb.
     0 | D:1      | Reached XP level 1. HP: 10/10 MP: 6/6
   119 | D:1      | Reached XP level 2. HP: 5/15 MP: 1/8
   322 | D:1      | Learned a level 2 spell: Passwall
   325 | D:1      | You fall into a shaft and drop 1 floor!
  1022 | D:2      | Reached XP level 3. HP: 16/20 MP: 7/9
  2308 | D:1      | Learned a level 3 spell: Stone Arrow
  2637 | D:2      | Noticed Terence
  2643 | D:2      | Killed Terence
  2644 | D:2      | Reached XP level 4. HP: 24/24 MP: 7/12
  2650 | D:2      | Learned a level 4 spell: Petrify
  2915 | D:2      | HP: 1/24 [poisoned by an adder]
  2916 | D:2      | Succumbed to an adder's poison

Illustrated notes

Levels and vault maps discovered:
D:1:      scummos_arrival_gate, layout_basic
D:2:      layout_loops_corners, uniq_terence

Skill      XL: |  1  2  3 |
---------------+----------+-----
Earth Magic    | 4 |  4.5
Spellcasting   | 4 |  4.3
Fighting       | |  0.6
Short Blades   | |  0.7
Dodging        | |  2.6
Stealth        | |  2.9
Transmutations | |  1.1

Action                   |  1- 3 |  4- 6 || total
-------------------------+-------+-------++-------
Melee: Dagger            |    57 |    14 ||    71
       Punch             |       |     1 ||     1
 Cast: Sandblast         |    37 |     3 ||    40
  Use: Scroll            |     2 |       ||     2
       Potion            |       |     2 ||     2
 Stab: Sleeping          |     6 |     1 ||     7
Armor: Robe              |    13 |     1 ||    14
Dodge: Dodged            |    41 |    10 ||    51

Table legend: (Time is in decaauts)
 A = Elapsed time spent in this place.
 B = Non-inter-level travel time spent in this place.
 C = Inter-level travel time spent in this place.
 D = Time resting spent in this place.
 E = Time spent auto-exploring this place.
 F = Levels seen in this place.
 G = Mean time per level.
                   A        B        C        D        E       F      G
               +--------+--------+--------+--------+--------+-----+--------+
         Total |   2914 |   2884 |     30 |    328 |   2265 |   2 | 1457.0 |
       Dungeon |   2914 |   2884 |     30 |    328 |   2265 |   2 | 1457.0 |
               +--------+--------+--------+--------+--------+-----+--------+

Top non-repeatable levels by time:
     D:2: 1559 daAuts
     D:1: 1354 daAuts
